[Event "December 5 Early 2023"]
[Site "https://www.chess.com"]
[Date "2023.12.05"]
[Round "4"]
[White "Sarana, Alexey"]
[Black "Vanek, Tomas"]
[Result "1-0"]
[Board "109"]
[TimeControl "180+1"]
[WhiteFideId "24133795"]
[BlackFideId "313459"]
[WhiteElo "2984"]
[BlackElo "2151"]
[WhiteTeam "SRB"]
[BlackTeam "CZE"]
[WhiteClock "0:02:11"]
[BlackClock "0:00:27"]

1. d4 f5 2. Nc3 Nf6 3. Bg5 d5 4. e3 e6 5. Nf3 h6 6. Bf4 g5 7. Be5 Bd6 8. Bd3 g4 9. Nh4 Bxe5 10. dxe5 Nh5 11. g3 Rg8 12. h3 c5 13. hxg4 c4 14. Be2 fxg4 15. Bxg4 Ng7 16. Ng6 Qg5 17. Nf4 Qxe5 18. Rxh6 Nf5 19. Bxf5 Qxf5 20. Qd4 Nc6 21. Qc5 Qxc2 22. Nxe6 Bxe6 23. Rxe6+ Kf7 24. Qxd5 Nb4 25. Qd7+ Kf8 26. Qe7# 1-0

[Event "December 5 Early 2023"]
[Site "https://www.chess.com"]
[Date "2023.12.05"]
[Round "4"]
[White "Donchenko, Alexander"]
[Black "Saravana, Krishnan P."]
[Result "1-0"]
[Board "110"]
[TimeControl "180+1"]
[WhiteFideId "24603295"]
[BlackFideId "5018382"]
[WhiteElo "2903"]
[BlackElo "2544"]
[WhiteTeam "GER"]
[BlackTeam "IND"]
[WhiteClock "0:00:55"]
[BlackClock "0:00:00"]

1. Nf3 d5 2. g3 Nf6 3. Bg2 c6 4. O-O Bf5 5. d3 h6 6. c4 e6 7. Qb3 Qb6 8. Be3 Qxb3 9. axb3 a6 10. Nc3 Nbd7 11. Rfd1 Be7 12. Nd4 Bg6 13. cxd5 exd5 14. Bf4 O-O 15. Bh3 Bc5 16. Nf5 Rfe8 17. Kf1 Bh5 18. f3 Bg6 19. Nd6 Bxd6 20. Bxd6 d4 21. Ne4 Rad8 22. Bc7 Ra8 23. Bf4 Nb6 24. Nc5 Nbd5 25. Bd2 Re7 26. Ra4 Rae8 27. Re1 Ne3+ 28. Bxe3 dxe3 29. Rb4 b5 30. Nxa6 Nd5 31. Rd4 f5 32. Rc1 Re6 33. Nc5 Rf6 34. f4 Bf7 35. Nd7 Rd6 36. Bxf5 Ra8 37. Ne5 Ra2 38. Nxc6 Rxb2 39. Be4 Nxf4 40. Rxd6 1-0

[Event "December 5 Early 2023"]
[Site "https://www.chess.com"]
[Date "2023.12.05"]
[Round "4"]
[White "Sanchez Enriquez, Oscar Gerardo"]
[Black "Gokerkan, Cem Kaan"]
[Result "0-1"]
[Board "111"]
[TimeControl "180+1"]
[WhiteFideId "5106311"]
[BlackFideId "6336760"]
[WhiteElo "2519"]
[BlackElo "2862"]
[WhiteTeam "MEX"]
[BlackTeam "TUR"]
[WhiteClock "0:00:41"]
[BlackClock "0:02:04"]

1. e4 c5 2. Nf3 d6 3. Bc4 Nf6 4. Qe2 Nc6 5. h3 g6 6. O-O Bg7 7. d3 O-O 8. c3 Na5 9. Nbd2 Nxc4 10. Nxc4 b5 11. Ne3 Bb7 12. Re1 a5 13. Bd2 a4 14. a3 Nd7 15. h4 h5 16. g4 hxg4 17. Nxg4 Nf6 18. Ng5 Qd7 19. f3 d5 20. e5 Nxg4 21. fxg4 d4 22. Qh2 Qxg4+ 0-1

[Event "December 5 Early 2023"]
[Site "https://www.chess.com"]
[Date "2023.12.05"]
[Round "4"]
[White "Lewicki, Miroslaw"]
[Black "Kislinsky, Alexey"]
[Result "0-1"]
[Board "112"]
[TimeControl "180+1"]
[WhiteFideId "1113380"]
[BlackFideId "14108801"]
[WhiteElo "2540"]
[BlackElo "2713"]
[WhiteTeam "POL"]
[BlackTeam "CZE"]
[WhiteClock "0:00:14"]
[BlackClock "0:02:01"]

1. b3 d5 2. Bb2 Bf5 3. g3 e6 4. Bg2 Nf6 5. Nf3 Be7 6. O-O O-O 7. d3 h6 8. Nbd2 Bh7 9. Re1 c5 10. e4 Nc6 11. h3 Rc8 12. a3 b5 13. Qe2 a5 14. Rad1 Qc7 15. Kh2 Rfd8 16. e5 Nd7 17. c3 d4 18. cxd4 cxd4 19. Nxd4 Nxd4 20. Bxd4 Nc5 21. Qe3 Nxd3 22. Bb6 Qc2 23. Rf1 Bc5 24. Bxc5 Qxc5 25. Qxc5 Rxc5 26. f4 Rc2 27. Kh1 Nb2 0-1

[Event "December 5 Early 2023"]
[Site "https://www.chess.com"]
[Date "2023.12.05"]
[Round "4"]
[White "Urbina Perez, Juan Antonio"]
[Black "Aradhya, Garg"]
[Result "1/2-1/2"]
[Board "113"]
[TimeControl "180+1"]
[WhiteFideId "2217368"]
[BlackFideId "25006746"]
[WhiteElo "2510"]
[BlackElo "2711"]
[WhiteTeam "ESP"]
[BlackTeam "IND"]
[WhiteClock "0:00:09"]
[BlackClock "0:00:06"]

1. e4 e5 2. Nf3 Nc6 3. Bc4 Nf6 4. d3 Bc5 5. Bg5 h6 6. Bh4 d6 7. a4 a5 8. Nc3 g5 9. Bg3 Bg4 10. Nb1 Bxf3 11. Qxf3 h5 12. h4 Nd4 13. Qd1 Ng4 14. c3 Ne6 15. Nd2 gxh4 16. Bxh4 Qxh4 17. Rxh4 Bxf2+ 18. Kf1 Bxh4 19. Qb3 O-O-O 20. Bxe6+ fxe6 21. Qxe6+ Kb8 22. Nf3 Rdf8 23. Ke2 Bg3 24. b4 Rf6 25. Qd5 axb4 26. a5 bxc3 27. a6 c6 28. Qc4 d5 29. Qxc3 dxe4 30. dxe4 Bf2 31. axb7 Kxb7 32. Qb4+ Bb6 33. Rb1 c5 34. Qxc5 Rc6 35. Qe7+ Rc7 36. Qb4 Rc2+ 37. Ke1 Rc6 38. Nxe5 Nxe5 39. Qe7+ Kc8 40. Qxe5 Rd8 41. Qf5+ Kb7 42. Qf7+ Kb8 43. Qe7 Rdc8 44. e5 Rc1+ 45. Rxc1 Rxc1+ 46. Kd2 Rc7 47. Qd8+ Kb7 48. Qd5+ Ka7 49. e6 Bc5 50. Qa2+ Kb6 51. Qd5 h4 52. Qh5 Be7 53. Qe5 Rc5 54. Qb8+ Ka6 55. Qa8+ Kb6 56. Ke2 Re5+ 57. Kf3 Rxe6 58. Qb8+ Kc6 59. Qc8+ Kd6 60. Qa6+ Kd7 61. Qa4+ Kd6 62. Qa6+ Kd7 63. Qb7+ Kd6 64. Qa6+ 1/2-1/2

[Event "December 5 Early 2023"]
[Site "https://www.chess.com"]
[Date "2023.12.05"]
[Round "4"]
[White "Papasimakopoulos, Alexandros"]
[Black "Estrada Nieto, Julian"]
[Result "0-1"]
[Board "114"]
[TimeControl "180+1"]
[WhiteFideId "4244125"]
[BlackFideId "5101018"]
[WhiteElo "2660"]
[BlackElo "2502"]
[WhiteTeam "GRE"]
[BlackTeam "ESP"]
[WhiteClock "0:00:01"]
[BlackClock "0:00:35"]

1. d4 d5 2. c4 dxc4 3. Nf3 Nf6 4. e3 e6 5. Bxc4 a6 6. O-O c5 7. Bd3 cxd4 8. exd4 Nc6 9. Nc3 g6 10. Re1 Bg7 11. Bg5 Nxd4 12. Nxd4 Qxd4 13. Bb5+ Nd7 14. Qc2 Qg4 15. Ne4 O-O 16. Bxd7 Bxd7 17. Bf6 Rfc8 18. Qd2 Bc6 19. f3 Qf5 20. Bxg7 Kxg7 21. Nd6 Qc5+ 22. Kh1 Rd8 23. Rad1 Rd7 24. b4 Rxd6 25. Qxd6 Qxd6 26. Rxd6 Rc8 27. Rc1 Kf6 28. Rd2 Ke7 29. Kg1 Rd8 30. Rxd8 Kxd8 31. Kf2 Ke7 32. Ke3 Kd6 33. Rd1+ Ke7 34. Rd2 e5 35. g3 f5 36. a3 g5 37. f4 exf4+ 38. gxf4 g4 39. Kd4 Kd6 40. Re2 h5 41. Re5 Bd7 42. Re3 h4 43. Re1 Bc6 44. Rg1 Bf3 45. Re1 g3 46. h3 Bg2 47. Re8 Bxh3 48. Rh8 g2 49. Rh6+ Kc7 50. Rg6 Bg4 51. Ke5 g1=Q 52. Rxg4 Qxg4 0-1

[Event "December 5 Early 2023"]
[Site "https://www.chess.com"]
[Date "2023.12.05"]
[Round "4"]
[White "Timerkhanov, Alexander"]
[Black "Alikhanov, Felix"]
[Result "1/2-1/2"]
[Board "115"]
[TimeControl "180+1"]
[WhiteFideId "24177938"]
[BlackFideId "4157427"]
[WhiteElo "2660"]
[BlackElo "2497"]
[WhiteTeam "RUS"]
[BlackTeam "RUS"]
[WhiteClock "0:00:50"]
[BlackClock "0:00:48"]

1. d4 Nf6 2. Bg5 d5 3. Nd2 c6 4. e3 Bf5 5. Bd3 Bxd3 6. cxd3 Nbd7 7. Ngf3 e6 8. O-O Be7 9. a3 O-O 10. Qe2 h6 11. Bh4 Nh5 12. Bxe7 Qxe7 13. Rfc1 g6 14. Rab1 a5 15. b4 axb4 16. axb4 Ra2 17. Qd1 e5 18. dxe5 Nxe5 19. Nxe5 Qxe5 20. d4 Qd6 21. b5 Nf6 22. bxc6 bxc6 23. Rc2 Rxc2 24. Qxc2 Rc8 25. Rc1 Kg7 26. h3 h5 27. Qc5 Qxc5 28. Rxc5 Nd7 29. Ra5 c5 30. dxc5 Rxc5 31. Rxc5 Nxc5 32. Nf3 Ne4 33. Nd4 Kf6 34. f3 Nd6 35. Kf2 h4 36. f4 Nf5 37. Nf3 Ke6 38. Ng5+ Ke7 1/2-1/2

[Event "December 5 Early 2023"]
[Site "https://www.chess.com"]
[Date "2023.12.05"]
[Round "4"]
[White "Jakubowski, Krzysztof"]
[Black "Krzywda, Andrzej"]
[Result "0-1"]
[Board "116"]
[TimeControl "180+1"]
[WhiteFideId "1112848"]
[BlackFideId "1114565"]
[WhiteElo "2646"]
[BlackElo "2490"]
[WhiteTeam "POL"]
[BlackTeam "POL"]
[WhiteClock "0:00:00"]
[BlackClock "0:00:08"]

1. e4 e5 2. Nf3 Nf6 3. Nxe5 d6 4. Nd3 Nxe4 5. Qe2 Qe7 6. Nf4 c6 7. f3 Nf6 8. h4 h5 9. d4 Bf5 10. c3 Nbd7 11. Nd2 Nb6 12. Qxe7+ Bxe7 13. Kf2 O-O-O 14. a4 Nbd5 15. Nc4 Nxf4 16. Bxf4 Nd5 17. Bg3 Rh6 18. Be2 Bf8 19. Rhe1 Re8 20. Bf1 Rxe1 21. Rxe1 Kd7 22. Na5 b6 23. Nb3 Re6 24. Rxe6 Bxe6 25. Nd2 Bf5 26. Bc4 Be6 27. Ne4 f6 28. Bd3 Be7 29. Nd2 Bf7 30. Ke2 g6 31. c4 Nc7 32. Bf2 Ne6 33. g3 f5 34. f4 Bf6 35. Nf3 c5 36. dxc5 Nxc5 37. Bxc5 bxc5 38. b3 Kc6 39. Kd2 Kb6 40. Be2 Ka5 41. Kc2 Kb6 42. Ne1 Bd4 43. Nd3 Be8 44. Bf3 Bc6 45. Bxc6 Kxc6 46. Nc1 d5 47. Ne2 Bf2 48. Kd3 d4 49. Kc2 Kb6 50. Kb2 d3 51. Nc3 Bxg3 52. Nd5+ Ka5 53. Ne7 Bxh4 54. Nxg6 Bf6+ 55. Kc1 Kb4 56. Kd2 Kxb3 57. Kxd3 Kxa4 58. Ne5 Kb3 59. Nd7 Kb4 60. Nxf6 h4 61. Nd5+ Kb3 62. Ne3 a5 63. Nxf5 a4 64. Ne3 a3 65. f5 a2 66. Nc2 h3 67. f6 h2 68. f7 h1=Q 69. f8=Q Qd1+ 70. Ke3 Qxc2 71. Qb8+ Kc3 72. Qh8+ Kxc4 73. Qg8+ Kb4 74. Qb8+ Kc3 75. Qh8+ Kb3 76. Qb8+ Ka3 77. Qa8+ Kb2 0-1

[Event "December 5 Early 2023"]
[Site "https://www.chess.com"]
[Date "2023.12.05"]
[Round "4"]
[White "Kaplan, Avi Harrison"]
[Black "Ovetchkin, Roman"]
[Result "0-1"]
[Board "117"]
[TimeControl "180+1"]
[WhiteFideId "30934559"]
[BlackFideId "4119991"]
[WhiteElo "2484"]
[BlackElo "2645"]
[WhiteTeam "USA"]
[BlackTeam "RUS"]
[WhiteClock "0:00:01"]
[BlackClock "0:01:15"]

1. e4 c6 2. d4 d5 3. exd5 cxd5 4. Bd3 Nc6 5. c3 Nf6 6. Bf4 Bg4 7. Qb3 Qd7 8. Nd2 e6 9. Ngf3 Bd6 10. Bxd6 Qxd6 11. O-O O-O 12. Rfe1 Bxf3 13. Nxf3 Qc7 14. Ne5 Nxe5 15. Rxe5 Rab8 16. Qc2 b5 17. a3 a5 18. Rae1 b4 19. axb4 axb4 20. R1e3 g6 21. Rf3 Ng4 22. Rg5 Qxh2+ 23. Kf1 bxc3 24. bxc3 Qh4 25. Qd2 Nh2+ 26. Ke2 Nxf3 27. Kxf3 Rfc8 28. g3 Qh1+ 29. Ke2 Rb3 30. Qf4 Rb2+ 31. Ke3 Qe1+ 32. Kf3 Rxf2+ 33. Kg4 Rxf4+ 34. Kxf4 Rxc3 35. Re5 Qf2+ 36. Kg5 f6+ 37. Kh6 Qh2+ 38. Rh5 Qxh5# 0-1

[Event "December 5 Early 2023"]
[Site "https://www.chess.com"]
[Date "2023.12.05"]
[Round "4"]
[White "NovakRatko"]
[Black "Kuzhylnyi, Oleksandr"]
[Result "0-1"]
[Board "118"]
[TimeControl "180+1"]
[BlackFideId "34110500"]
[WhiteElo "2481"]
[BlackElo "2645"]
[BlackTeam "UKR"]
[WhiteClock "0:00:00"]
[BlackClock "0:00:52"]

1. d4 d5 2. c4 c6 3. cxd5 cxd5 4. Nc3 Nf6 5. f3 Qb6 6. e3 Nc6 7. Bd3 e5 8. dxe5 Nxe5 9. Nge2 Be7 10. Bc2 O-O 11. Nxd5 Nxd5 12. Qxd5 Bf6 13. O-O Be6 14. Qe4 g6 15. Nd4 Bc4 16. Re1 Rfe8 17. Qf4 Nd3 18. Bxd3 Bxd3 19. Rd1 Ba6 20. Bd2 Be5 21. Qg5 Qxb2 22. Rab1 Qxa2 23. Ra1 Qd5 24. f4 f6 25. Qh6 Bxd4 26. exd4 Re2 27. Qh3 Qxd4+ 28. Kh1 Rxd2 29. Rg1 Re8 30. f5 g5 31. Qh6 Bb5 32. Rae1 Rxe1 0-1

[Event "December 5 Early 2023"]
[Site "https://www.chess.com"]
[Date "2023.12.05"]
[Round "4"]
[White "Antunez Soler, Luis"]
[Black "Manukyan, Sargis V."]
[Result "1-0"]
[Board "119"]
[TimeControl "180+1"]
[WhiteFideId "3513335"]
[BlackFideId "13303465"]
[WhiteElo "2645"]
[BlackElo "2476"]
[WhiteTeam "CUB"]
[BlackTeam "ARM"]
[WhiteClock "0:02:56"]
[BlackClock "0:01:51"]

1. e4 e6 2. d4 d5 3. Nc3 Bb4 4. e5 c5 5. a3 Bxc3+ 6. bxc3 Qa5 7. Bd2 Qa4 8. Nf3 b6 9. h4 Ba6 10. h5 h6 11. Rh4 Ne7 12. dxc5 bxc5 13. Rxa4 1-0

[Event "December 5 Early 2023"]
[Site "https://www.chess.com"]
[Date "2023.12.05"]
[Round "4"]
[White "Kruckenhauser, Arthur"]
[Black "Marosi, Levente"]
[Result "1-0"]
[Board "120"]
[TimeControl "180+1"]
[WhiteFideId "1642812"]
[BlackFideId "747181"]
[WhiteElo "2473"]
[BlackElo "2624"]
[WhiteTeam "AUT"]
[BlackTeam "HUN"]
[WhiteClock "0:00:07"]
[BlackClock "0:00:00"]

1. d4 Nf6 2. Bf4 g6 3. Nc3 d5 4. Nb5 Na6 5. e3 Bg7 6. Nf3 O-O 7. Be2 c6 8. Nc3 Qb6 9. Rb1 Nh5 10. Bg3 Nxg3 11. hxg3 Bf5 12. Bd3 Bxd3 13. Qxd3 Nb4 14. Qd2 e6 15. a3 Na6 16. b4 Nc7 17. Qd3 Nb5 18. a4 Nd6 19. a5 Qc7 20. O-O b5 21. Nd2 f5 22. Ne2 e5 23. f4 exd4 24. exd4 Rae8 25. Nf3 Re4 26. Ne5 Nc4 27. c3 Re3 28. Qd1 a6 29. Rf3 Rxf3 30. gxf3 Bxe5 31. fxe5 Qe7 32. Qc1 g5 33. Kf2 Rf7 34. Qh1 Rg7 35. Qh5 Rg6 36. Rh1 Qa7 37. f4 Qe7 38. Qh3 g4 39. Qh5 Qf7 40. Nc1 Nb2 41. Nb3 Na4 42. Nc5 Nxc5 43. bxc5 Rg7 44. Qh4 Qe7 45. Qxe7 Rxe7 46. Rh6 Rc7 47. Rd6 Kf7 48. Ke3 Kg7 49. Kf2 h5 50. Kg2 Kh7 51. Rf6 Kg7 52. Rxf5 b4 53. cxb4 Rb7 54. Rxh5 Rxb4 55. Rg5+ Kf7 56. Rxg4 Rxd4 57. Kh3 Rc4 58. f5 Rxc5 59. Rh4 d4 60. Rh7+ Kg8 61. Rd7 Rxe5 62. Rxd4 Rxf5 63. Rc4 c5 64. Kg4 Rd5 65. Kf4 Kf7 66. Ke4 Ke6 67. g4 Kd6 68. Kf4 Rd1 69. Re4 Kd5 70. Re5+ Kd4 71. Re4+ Kc3 72. Re6 Rf1+ 73. Kg5 c4 74. Rxa6 Kb4 75. Rc6 Ra1 76. a6 c3 77. Kh6 Rh1+ 78. Kg6 Rh3 79. g5 Kb5 80. a7 Rh8 81. Rxc3 Kb6 82. Ra3 Ra8 83. Kf7 Kb7 84. g6 Rc8 85. g7 Rc7+ 86. Kg6 Rc6+ 87. Kh7 Rc7 88. a8=Q+ 1-0

[Event "December 5 Early 2023"]
[Site "https://www.chess.com"]
[Date "2023.12.05"]
[Round "4"]
[White "Reprintsev, Alexander"]
[Black "Degenbaev, Aziz"]
[Result "1-0"]
[Board "121"]
[TimeControl "180+1"]
[WhiteFideId "14100541"]
[BlackFideId "13802640"]
[WhiteElo "2471"]
[BlackElo "2624"]
[WhiteTeam "UKR"]
[BlackTeam "KGZ"]
[WhiteClock "0:00:08"]
[BlackClock "0:00:00"]

1. e4 e6 2. d4 d5 3. Nc3 Nc6 4. Nf3 Nf6 5. e5 Ne4 6. Bd3 Bb4 7. Bd2 Bxc3 8. bxc3 b6 9. O-O Bb7 10. Re1 Qd7 11. Bxe4 dxe4 12. Ng5 O-O-O 13. Nxe4 Na5 14. f3 Qd5 15. Bg5 Rd7 16. Bh4 h6 17. Bf2 Nc4 18. Qe2 Rf8 19. Nd2 Nxd2 20. Qxd2 f6 21. exf6 gxf6 22. Qxh6 Rg8 23. Bg3 Qf5 24. Qd2 Rh7 25. Qd3 Qh5 26. Rxe6 Bd5 27. Ree1 f5 28. c4 f4 29. cxd5 fxg3 30. h3 Rf7 31. c4 Rgf8 32. a4 Rxf3 33. gxf3 Qxh3 34. Qe2 Qh4 35. Rad1 Kb7 36. c5 a5 37. d6 Re8 38. Qg2 Rxe1+ 39. Rxe1 Qxd4+ 40. Kf1 Qc4+ 41. Qe2 Qxc5 42. d7 Qh5 43. Qe4+ Ka7 44. Ke2 Qh2+ 45. Kd3 Qh8 46. Qe5 Qd8 47. Qe7 Qg8 48. d8=Q Qb3+ 49. Ke4 Qc2+ 50. Kf4 Qc4+ 51. Re4 Qc1+ 52. Kxg3 Qg1+ 53. Kf4 Qh2+ 54. Ke3 Qg1+ 55. Kf4 Qh2+ 56. Kf5 Qh5+ 57. Kf6 Qxf3+ 58. Ke5 Qc3+ 59. Ke6 Qb3+ 60. Qd5 Qh3+ 61. Qf5 Qb3+ 62. Kf6 Qc3+ 63. Qee5 Qc6+ 64. Kf7 Qc1 65. Qd7 Kb7 66. Qed5+ Ka7 67. Re6 Qf1+ 68. Ke8 Qa6 69. Qxc7+ 1-0

[Event "December 5 Early 2023"]
[Site "https://www.chess.com"]
[Date "2023.12.05"]
[Round "4"]
[White "Ambartsumova, Karina"]
[Black "Mizzi, Jack"]
[Result "1-0"]
[Board "122"]
[TimeControl "180+1"]
[WhiteFideId "4166299"]
[BlackFideId "5602521"]
[WhiteElo "2621"]
[BlackElo "2464"]
[WhiteTeam "RUS"]
[BlackTeam "MLT"]
[WhiteClock "0:00:06"]
[BlackClock "0:00:01"]

1. d4 Nf6 2. c4 e6 3. Nc3 Bb4 4. a3 Bxc3+ 5. bxc3 O-O 6. e3 b6 7. Bd3 Bb7 8. f3 c5 9. Ne2 d6 10. O-O Nbd7 11. Ng3 Rc8 12. Qe2 d5 13. cxd5 exd5 14. e4 cxd4 15. cxd4 dxe4 16. fxe4 Re8 17. Bb2 Nd5 18. Rae1 Nc3 19. Qf2 Qf6 20. e5 Qxf2+ 21. Rxf2 Na4 22. Bb5 Bc6 23. Bxc6 Rxc6 24. d5 Rc5 25. e6 fxe6 26. dxe6 Nf8 27. Bd4 Rc7 28. Rfe2 Rce7 29. Nf5 Rxe6 30. Rxe6 Rxe6 31. Rc1 Kf7 32. Rc7+ Kg6 33. g4 Kg5 34. Rxg7+ Kf4 35. Rf7 Ke4 36. Rxf8 Rg6 37. h3 h5 38. Re8+ Kf3 39. Re3+ Kf4 40. Be5+ Kg5 41. Re4 hxg4 42. hxg4 Nc5 43. Rc4 Ne6 44. Bg3 Nf4 45. Bxf4+ Kxg4 46. Ne3+ Kf3+ 47. Kf1 Rd6 48. Ke1 Re6 49. Kd2 Rg6 50. Nd5 Rf6 51. Kd3 Re6 52. Rd4 Re1 53. Kc4 Rc1+ 54. Bxc1 1-0

[Event "December 5 Early 2023"]
[Site "https://www.chess.com"]
[Date "2023.12.05"]
[Round "4"]
[White "Zhurbinsky, David"]
[Black "Ljukin, Sergei"]
[Result "0-1"]
[Board "123"]
[TimeControl "180+1"]
[WhiteFideId "2072904"]
[BlackFideId "14102200"]
[WhiteElo "2619"]
[BlackElo "2464"]
[WhiteTeam "USA"]
[BlackTeam "UKR"]
[WhiteClock "0:00:18"]
[BlackClock "0:00:15"]

1. e4 e6 2. d4 d5 3. Nc3 Bb4 4. e5 Ne7 5. Qg4 c5 6. a3 Bxc3+ 7. bxc3 Qc7 8. Qxg7 Rg8 9. Qxh7 cxd4 10. Ne2 Nbc6 11. Bf4 dxc3 12. Nxc3 Nxe5 13. Nb5 Nf3+ 14. gxf3 Qxf4 15. Rd1 a6 16. Nd4 Bd7 17. Qd3 O-O-O 18. Qc3+ Kb8 19. Qc5 Nc6 20. Bxa6 Nxd4 21. Rxd4 Qc7 22. Qb4 Bc6 23. Ke2 e5 24. Rd2 Kc8 25. Bd3 e4 26. fxe4 dxe4 27. Bc4 Rxd2+ 28. Qxd2 e3 29. Qd3 Bxh1 30. Qf5+ Kb8 31. fxe3 Bc6 32. h4 Rg2+ 33. Kd3 Qd7+ 34. Qxd7 Bxd7 35. h5 Be6 36. Bb5 Rh2 37. h6 Rxh6 38. c4 Rh4 39. a4 Bf5+ 40. Kc3 Kc7 41. a5 Bd7 42. Kd3 Bxb5 43. cxb5 Ra4 44. a6 bxa6 45. bxa6 Rxa6 46. e4 Ra4 47. Ke3 Kd6 48. Kf4 Ke6 49. Kg5 Rxe4 50. Kh5 Re1 51. Kg5 Rf1 52. Kh5 Rg1 53. Kh6 Kf5 54. Kh7 Kf6 55. Kh8 Kf5 56. Kh7 Ke5 57. Kh8 f5 58. Kh7 f4 59. Kh8 f3 60. Kh7 f2 61. Kh6 f1=Q 62. Kh7 Rg2 63. Kh8 Qh1# 0-1

[Event "December 5 Early 2023"]
[Site "https://www.chess.com"]
[Date "2023.12.05"]
[Round "4"]
[White "Espinoza Villanueva, Rodrigo"]
[Black "Romero Arzuaga, Yudel"]
[Result "1-0"]
[Board "124"]
[TimeControl "180+1"]
[WhiteFideId "5140188"]
[BlackFideId "3521010"]
[WhiteElo "2606"]
[BlackElo "2428"]
[WhiteTeam "MEX"]
[BlackTeam "CUB"]
[WhiteClock "0:01:56"]
[BlackClock "0:01:38"]

1. d4 d5 2. c4 e6 3. Nc3 Nf6 4. Nf3 Nbd7 5. Bg5 Be7 6. e3 O-O 7. Rc1 h6 8. Bh4 c6 9. a3 dxc4 10. Bxc4 Nd5 11. Bxe7 Qxe7 12. O-O Nxc3 13. Rxc3 b6 14. Bd3 c5 15. Be4 Rb8 16. Qc2 Bb7 17. Bxb7 Rxb7 18. Rc1 cxd4 19. Nxd4 Nf6 20. Rc7 Rxc7 21. Qxc7 Re8 22. Nb5 Nd5 23. Qxa7 Qf6 24. Nd4 Qg5 25. Nf3 Qf6 26. Rc2 Qf5 27. Qa4 Qd3 28. Qxe8+ 1-0

[Event "December 5 Early 2023"]
[Site "https://www.chess.com"]
[Date "2023.12.05"]
[Round "4"]
[White "Kiremitciyan, Ari"]
[Black "Boor, Carl"]
[Result "1/2-1/2"]
[Board "125"]
[TimeControl "180+1"]
[WhiteFideId "6373445"]
[BlackFideId "2017008"]
[WhiteElo "2399"]
[BlackElo "2588"]
[WhiteTeam "TUR"]
[BlackTeam "USA"]
[WhiteClock "0:00:02"]
[BlackClock "0:00:12"]

1. e4 e5 2. Nf3 Nf6 3. Nc3 Nc6 4. a3 g6 5. Bb5 Bg7 6. Bxc6 dxc6 7. d3 Qe7 8. h3 h6 9. Be3 O-O 10. Qd2 Kh7 11. g4 Nd7 12. h4 Nc5 13. h5 g5 14. Nh2 Ne6 15. Ne2 Nf4 16. Ng3 Rd8 17. Nf5 Bxf5 18. gxf5 c5 19. Qc3 Bf8 20. Ng4 f6 21. Bxf4 gxf4 22. O-O-O Qf7 23. Rdg1 Be7 24. Nh2 Rg8 25. Rg6 Qa2 26. Kd2 Rxg6 27. hxg6+ Kg7 28. Ng4 Rh8 29. Ke2 h5 30. Nh2 b6 31. Nf3 Qg8 32. Rh4 Rh6 33. b3 Bd6 34. a4 a5 35. Qe1 Qh8 36. Qc3 Qg8 37. Qd2 Qh8 38. Qd1 Qg8 39. Qh1 Qh8 40. Nd2 Be7 41. Nc4 Bf8 42. Qe1 Be7 43. Kf3 Qg8 44. Nb2 Qh8 45. Qc3 Qg8 46. Qd2 Bd6 47. Nc4 Be7 48. Qe1 Qh8 49. Qh1 Kf8 50. Ke2 Kg7 51. Nd2 Kf8 52. Nf1 Kg7 53. Nh2 Bf8 54. Nf3 Be7 55. Nd2 Bd6 56. Qh3 Be7 57. Nc4 Bf8 58. Qh2 Be7 59. Nd2 Bf8 60. Nf3 Be7 61. Qh3 Bf8 62. Qg2 Be7 63. Qh3 Bf8 64. Qh2 Be7 65. Qh1 Bf8 66. Nh2 Be7 67. Nf3 Bf8 68. Qe1 Be7 69. Qc3 Qg8 70. Nd2 Bd6 71. Kd1 Be7 72. Nf3 Bd6 73. Kc1 Be7 74. Kb2 Bd6 75. Kb1 Be7 76. Qd2 Bd6 77. Qc3 Be7 78. Qd2 Bd6 79. Qc3 1/2-1/2

[Event "December 5 Early 2023"]
[Site "https://www.chess.com"]
[Date "2023.12.05"]
[Round "4"]
[White "Dmitrenko, Viktor"]
[Black "Ezat, Mohamed"]
[Result "1-0"]
[Board "126"]
[TimeControl "180+1"]
[WhiteFideId "14110270"]
[BlackFideId "10600906"]
[WhiteElo "2389"]
[BlackElo "2580"]
[WhiteTeam "UKR"]
[BlackTeam "EGY"]
[WhiteClock "0:00:33"]
[BlackClock "0:01:17"]

1. d4 Nf6 2. Nf3 g6 3. Bg5 d5 4. e3 c5 5. c3 Nc6 6. Nbd2 Bg4 7. Qa4 Bxf3 8. Nxf3 Bg7 9. Bxf6 Bxf6 10. dxc5 O-O 11. Bb5 Qc7 12. Rd1 e6 13. O-O Rac8 14. e4 Ne5 15. Nxe5 Bxe5 16. exd5 Bxh2+ 17. Kh1 Be5 18. Bd7 Rcd8 19. dxe6 fxe6 20. Bxe6+ Kh8 21. Qh4 Rxd1 22. Rxd1 Qxc5 23. Rd5 Rxf2 24. Qd8+ Kg7 25. Rd7+ Kh6 26. Qh4# 1-0

[Event "December 5 Early 2023"]
[Site "https://www.chess.com"]
[Date "2023.12.05"]
[Round "4"]
[White "Mendez Fortes, Eduardo Jesus"]
[Black "Cardozo Munar, Carlos Eduardo"]
[Result "1-0"]
[Board "127"]
[TimeControl "180+1"]
[WhiteFideId "3502376"]
[BlackFideId "4409477"]
[WhiteElo "2564"]
[BlackElo "2287"]
[WhiteTeam "CUB"]
[BlackTeam "COL"]
[WhiteClock "0:02:25"]
[BlackClock "0:01:15"]

1. e4 e6 2. d4 d5 3. Nd2 c5 4. exd5 Qxd5 5. Ngf3 cxd4 6. Bc4 Qd7 7. O-O Nc6 8. Nb3 Nf6 9. Nbxd4 Nxd4 10. Nxd4 a6 11. Re1 Qc7 12. Qe2 Bd6 13. Bg5 h6 14. Bxf6 gxf6 15. Bxe6 Bxh2+ 16. Kh1 Be5 17. Bxc8 Rxc8 18. f4 Qc5 19. Nf3 Qxc2 20. fxe5 f5 21. Nd4 Qxe2 22. Rxe2 Ke7 23. Nxf5+ Ke6 24. Nd4+ Kd5 25. Rd1 1-0

[Event "December 5 Early 2023"]
[Site "https://www.chess.com"]
[Date "2023.12.05"]
[Round "4"]
[White "Petrukhina, Olga"]
[Black "Jaskolka, Tomasz"]
[Result "0-1"]
[Board "128"]
[TimeControl "180+1"]
[WhiteFideId "13703935"]
[BlackFideId "1170791"]
[WhiteElo "2236"]
[BlackElo "2547"]
[WhiteTeam "KAZ"]
[BlackTeam "POL"]
[WhiteClock "0:00:00"]
[BlackClock "0:00:16"]

1. d4 d5 2. c4 e5 3. dxe5 d4 4. Nf3 Nc6 5. Nbd2 Nge7 6. Nb3 Ng6 7. a3 Ngxe5 8. Nxe5 Nxe5 9. Qxd4 Qxd4 10. Nxd4 Nxc4 11. Nb5 Bd6 12. e4 Be6 13. Nxd6+ Nxd6 14. f3 O-O-O 15. Be3 Nc4 16. Bxc4 Bxc4 17. Rc1 b5 18. Kf2 Kb7 19. Rc3 c6 20. Rhc1 Rd3 21. Rxd3 Bxd3 22. Bd4 f6 23. Ke3 Bc4 24. Rc2 Rd8 25. Rd2 Rd7 26. Bc5 Rf7 27. Rd8 a5 28. h4 g6 29. g3 Be6 30. Rd6 Bd7 31. b4 a4 32. Rd4 Kc7 33. Bd6+ Kb7 34. Bc5 h6 35. Bd6 g5 36. hxg5 hxg5 37. Bc5 Kc7 38. Bd6+ Kc8 39. Bc5 Be6 40. Rd6 Bd7 41. Rd4 Bh3 42. Rd6 Kc7 43. Kd4 f5 44. exf5 Rxf5 45. Ke3 Re5+ 46. Kf2 Be6 47. f4 gxf4 48. gxf4 Re4 49. Kf3 Bd5 50. Kg4 Rc4 51. Rh6 Rc3 52. Rh7+ Kc8 53. Kf5 Rxa3 54. Ke5 Rd3 55. f5 a3 56. f6 a2 0-1

[Event "December 5 Early 2023"]
[Site "https://www.chess.com"]
[Date "2023.12.05"]
[Round "4"]
[White "Onslow, Alfie"]
[Black "Thorfinnsson, Bjorn"]
[Result "0-1"]
[Board "129"]
[TimeControl "180+1"]
[WhiteFideId "436976"]
[BlackFideId "2300982"]
[WhiteElo "2191"]
[BlackElo "2544"]
[WhiteTeam "ENG"]
[BlackTeam "ISL"]
[WhiteClock "0:00:24"]
[BlackClock "0:01:10"]

1. Nf3 d5 2. c4 c6 3. e3 Nf6 4. Nc3 e6 5. Qc2 Be7 6. b3 Nbd7 7. Bb2 b6 8. Be2 Bb7 9. g4 h6 10. Rg1 Qc7 11. Rc1 dxc4 12. bxc4 c5 13. d3 a6 14. h4 O-O-O 15. a4 Qd6 16. a5 Bxf3 17. Bxf3 Ne5 18. Be4 Nxe4 19. Nxe4 Nxd3+ 20. Kf1 Qh2 21. Rd1 Nxb2 0-1